 Dungeon Crawl Stone Soup version 0.17-a0-1663-gb806841 (webtiles) character file.

3250 SirGodfroy the Grappler (level 9, -5/64 HPs)
             Began as a Red Draconian Transmuter on Aug 16, 2015.
             Was a Believer of Sif Muna.
             Slain by an ice beast (7 damage)
             ... on level 8 of the Dungeon.
             The game lasted 00:30:10 (8922 turns).

SirGodfroy the Grappler (Red Draconian Transmuter)  Turns: 8922, Time: 00:30:11

Health: -5/64      AC:  2    Str: 15    XL:     9   Next: 67%
Magic:  17/17      EV: 14    Int: 18    God:    Sif Muna [**....]
Gold:   167        SH:  0    Dex: 16    Spells: 3 memorised, 10 levels left

rFire  . . .     SeeInvis .       - Unarmed
rCold  . . .     Rnd*Rage +     (armour unavailable)
rNeg   . . .     SustAt   .     (shield currently unavailable)
rPois  .         Gourm    .     (helmet currently unavailable)
rElec  .         Spirit   .     (cloak currently unavailable)
rCorr  .         Warding  .     (gloves currently unavailable)
rMut   .         Stasis   .     (boots currently unavailable)
MR     +....                    c - necklace of Bloodlust {*Rage +Rage MR+ Str+2 Int-2 Slay+3 *Curse} (curse)
Stlth  ++........               i - ring of poison resistance
                                d - +3 ring of intelligence

@: exhausted, spider-form, slowed, very slow, somewhat resistant to hostile
enchantments, unstealthy
A: (breathe fire), unfitting armour, (fire resistance 0), (cold-blooded), AC +7
a: End Transformation, Channel Energy, Forget Spell, Renounce Religion, Evoke
Berserk Rage


You were on level 8 of the Dungeon.
You worshipped Sif Muna.
Sif Muna was pleased with you.
You were hungry.
You were a venomous arachnid creature.
You visited 2 branches of the dungeon, and saw 9 of its levels.

You collected 167 gold pieces.

Inventory:

Missiles
 r - 108 arrows
Jewellery
 c - the cursed necklace of Bloodlust (around neck) {*Rage +Rage MR+ Str+2 Int-2 Slay+3 *Curse}
   (You found it on level 7 of the Dungeon)

   [amulet of rage]

   It affects your strength (+2).
   It affects your intelligence (-2).
   It affects your accuracy and damage with ranged weapons and melee attacks
   (+3).
   It affects your resistance to hostile enchantments.
   It lets you go berserk.
   It may make you go berserk in combat.
   It may re-curse itself when equipped.
   It has a curse placed upon it.
 d - a +3 ring of intelligence (left front leg)
 i - a ring of poison resistance (right front leg)
 l - an uncursed ring of protection from cold
 p - the amulet "Nookh" {rCorr *Drain rN+ Dex+3}
   (You found it on level 5 of the Dungeon)

   [amulet of resist corrosion]

   It protects you from acid and corrosion.
   It affects your dexterity (+3).
   It protects you from negative energy.
   It causes draining when unequipped.
 v - an uncursed amulet of clarity {unknown}
 y - an uncursed ring of sustain attributes {unknown}
 z - an uncursed ring of ice {unknown}
Magical devices
 a - a wand of lightning (3)
 q - a wand of flame (38)
Scrolls
 e - 4 scrolls of teleportation
 f - 3 scrolls of remove curse
 h - 13 scrolls of identify
 m - 3 scrolls of amnesia
 n - 2 scrolls of fog {unknown}
 s - 2 scrolls of magic mapping
Potions
 j - a potion of heal wounds
 u - a potion of curing
Books
 b - a book of Changes

   Spells                             Type                      Level
   a - Beastly Appendage              Transmutation                1
   b - Sticks to Snakes               Transmutation                2
   c - Spider Form                    Transmutation/Poison         3
   d - Ice Form                       Ice/Transmutation            4
   e - Blade Hands                    Transmutation                5
 k - a book of Spatial Translocations

   Spells                             Type                      Level
   a - Apportation                    Translocation                1
   b - Blink                          Translocation                2
   c - Shroud of Golubria             Charms/Translocation         2
   d - Portal Projectile              Translocation                3
   e - Teleport Other                 Translocation                3
   f - Passage of Golubria            Translocation                4
 o - a book of Flames

   Spells                             Type                      Level
   a - Flame Tongue                   Conjuration/Fire             1
   b - Throw Flame                    Conjuration/Fire             2
   c - Conjure Flame                  Conjuration/Fire             3
   d - Inner Flame                    Hexes/Fire                   3
   e - Sticky Flame                   Conjuration/Fire             4
   f - Fireball                       Conjuration/Fire             5
Comestibles
 g - 9 meat rations
 t - 7 beef jerkies
 w - 3 chunks of flesh
 x - 3 bread rations


   Skills:
 - Level 1.1 Fighting
 - Level 1.7 Dodging
 - Level 1.0 Stealth
 + Level 8.9 Unarmed Combat
 + Level 5.8 Spellcasting
 + Level 7.4 Transmutations
 + Level 5.2 Poison Magic


You had 10 spell levels left.
You knew the following spells:

 Your Spells              Type           Power        Failure   Level  Hunger
a - Beastly Appendage     Trmt           ####..       4%          1    None
b - Spider Form           Trmt/Pois      ####......   10%         3    ##.....
c - Blade Hands           Trmt           ####......   41%         5    #####..


Dungeon Overview and Level Annotations

Branches:
Dungeon (8/15)             Temple (1/1) D:4
   Lair: D:8-11

Altars:
Ashenzari
Cheibriados
Dithmenos
Elyvilon
Fedhas
Gozag
Kikubaaqudgha
Makhleb
Nemelex Xobeh
Okawaru
Qazlal
Ru
Sif Muna
Trog
Vehumet
Xom
Yredelemnul
Zin
The Shining One

Shops:
D:8 (

Annotations:
D:8 Maurice


Innate Abilities, Weirdness & Mutations

((You can breathe blasts of fire.))
((Your fiery red scales are hard (AC +7).))
Your body does not fit into most forms of armour.
((Your flesh is heat resistant.))
((You are cold-blooded and may be slowed by cold attacks.))


Message History

You hit Maurice.
Maurice is poisoned.
Maurice is lightly wounded.
Maurice hits you with a dagger. Maurice steals some of your gold!
The ice beast hits you. The ice beast freezes you!
* * * LOW HITPOINT WARNING * * *
Maurice casts a spell.
Maurice blinks!
The ice beast completely misses you.
There is an escape hatch in the floor here.
The ice beast hits you.
* * * LOW HITPOINT WARNING * * *
The ice beast freezes you!
* * * LOW HITPOINT WARNING * * *
Maurice mumbles some strange words.
Maurice flickers and vanishes!
Deactivating autopickup; reactivate with Ctrl-A.
The ice beast hits you.
* * * LOW HITPOINT WARNING * * *
The ice beast freezes you!
You die...

#.####.#
#....#.#
####.#.# #.#.#
#### #.#.#
...## #####
#.#.#
#.÷.###...#
#)#.#
#..#..#)§.#
#.#s#####...
#.####..÷÷#
#..Ys.......
#∩# ######
#..........#
#.#
#{##########
#.# #.# #.# #.#
#.# #@# #.# #.#
#.###########.#
#.......)...(.#


You could see an ice beast and a scorpion.

Vanquished Creatures
  Prince Ribbit (D:5)
  A two-headed ogre (D:8)
  A hippogriff (D:7)
  2 phantoms
  A water moccasin (D:5)
  5 centaurs
  2 sky beasts (D:5)
  4 ogres
  A wyvern zombie (D:7)
  2 water moccasin skeletons
  2 scorpions (D:5)
  4 crimson imps
  4 hounds
  2 jellies
  2 giant frog skeletons
  An orc priest (D:4)
  5 orc wizards
  6 iguanas
  5 worker ants
  A hound skeleton (D:7)
  A hound zombie (D:7)
  Robin (D:3)
  6 adders
  3 gnolls (D:4)
  An ooze (D:1)
  5 giant geckos
  22 orcs
  11 giant cockroaches
  9 hobgoblins
  9 jackals
  11 kobolds
  A quokka (D:7)
  6 bats
  A giant gecko zombie (D:6)
  5 giant newts
  21 goblins
  7 rats
172 creatures vanquished.

Vanquished Creatures (others)
  The ghost of Zebulonius the Arsonist, an experienced DEFE (D:6)
  A goblin (D:3)
2 creatures vanquished.

Grand Total: 174 creatures vanquished

Notes
Turn   | Place    | Note
--------------------------------------------------------------
     0 | D:1      | SirGodfroy the Draconian Transmuter began the quest for the Orb.
     0 | D:1      | Reached XP level 1. HP: 16/16 MP: 3/3
    58 | D:1      | Reached XP level 2. HP: 11/23 MP: 5/5
   445 | D:1      | Reached XP level 3. HP: 18/28 MP: 4/6
   742 | D:1      | Reached skill level 4 in Unarmed Combat
   914 | D:2      | Found an iron altar of Okawaru.
  1431 | D:2      | Reached XP level 4. HP: 30/35 MP: 5/7
  1620 | D:2      | Learned a level 3 spell: Spider Form
  1787 | D:3      | Reached skill level 1 in Stealth
  2161 | D:3      | Noticed Robin
  2193 | D:3      | Killed Robin
  2193 | D:3      | Reached XP level 5. HP: 11/40 MP: 2/8
  2409 | D:3      | Found a faded altar to an unknown god.
  2487 | D:3      | Reached skill level 5 in Unarmed Combat
  2690 | D:4      | Noticed an ogre
  2703 | D:4      | Killed an ogre
  2703 | D:4      | Reached XP level 6. HP: 47/47 MP: 3/9
  2751 | D:4      | Reached skill level 1 in Poison Magic
  3095 | D:4      | Found a staircase to the Ecumenical Temple.
  3102 | Temple   | Entered the Ecumenical Temple
  3115 | Temple   | Became a worshipper of Sif Muna the Loreminder
  3150 | D:4      | Noticed a phantom
  3195 | D:4      | Killed a phantom
  3259 | D:4      | Reached skill level 5 in Transmutations
  3259 | D:4      | Your scales start taking on a fiery red colour.
  3259 | D:4      | Gained mutation: Your flesh is heat resistant. [Red Draconian growth]
  3259 | D:4      | Reached XP level 7. HP: 35/52 MP: 6/10
  4041 | D:4      | Reached skill level 6 in Unarmed Combat
  4115 | D:5      | Entered Level 5 of the Dungeon
  4791 | D:5      | Acquired Sif Muna's first power
  4925 | D:5      | Noticed Prince Ribbit
  4938 | D:5      | Killed Prince Ribbit
  4938 | D:5      | Reached XP level 8. HP: 31/59 MP: 11/13
  5225 | D:5      | Reached skill level 7 in Unarmed Combat
  5281 | D:5      | Got a brightly glowing ruby amulet
  5812 | D:5      | Learned a level 5 spell: Blade Hands
  6402 | D:6      | Noticed Zebulonius's ghost (experienced DEFE)
  6425 | D:6      | Killed Zebulonius's ghost
  6425 | D:6      | Acquired Sif Muna's second power
  6425 | D:6      | Reached skill level 8 in Unarmed Combat
  6425 | D:6      | Reached XP level 9. HP: 50/64 MP: 10/16
  7131 | D:7      | Identified the amulet "Nookh" {rCorr *Drain rN+ Dex+3} (You found it on level 5 of the Dungeon)
  7148 | D:7      | Reached skill level 5 in Spellcasting
  8072 | D:7      | Reached skill level 5 in Poison Magic
  8376 | D:7      | Found a snail-covered altar of Cheibriados.
  8769 | D:8      | Found Tucigag's Antique Weapon Shoppe.
  8915 | D:8      | Noticed Maurice
  8922 | D:8      | HP: 2/64 [ice beast (2)]
  8922 | D:8      | Slain by an ice beast

Vault maps used:
D:1:      minmay_arrival_up_and_down, st_stairs_2
D:2:      okawaru_trees_1
D:3:      ecumenical_altar_1, first_bread, grunt_ministairs_9, uniq_robin
D:4:      minmay_temple_entry_mist
D:5:      solitary_fountain, minmay_door_square, kennysheep_nondescript,
          uniq_prince_ribbit1
D:7:      cheibriados_altar_1, lightli_corner_chamber
D:8:      serial_shops, shop, grunt_ogre_cave, uniq_maurice
Temple:   nicolae_temple_no_exploring_needed

Action                   |  1- 3 |  4- 6 |  7- 9 || total
-------------------------+-------+-------+-------++-------
Melee: Unarmed           |   140 |   184 |   286 ||   610
 Cast: Beastly Appendage |    22 |    14 |     2 ||    38
       Spider Form       |       |    12 |    34 ||    46
       Blade Hands       |       |       |     5 ||     5
  Use: Potion            |     5 |       |     7 ||    12
       Scroll            |     2 |     5 |     5 ||    12
 Stab: Sleeping          |     2 |     2 |     1 ||     5
  Eat: Chunk             |     2 |     8 |    12 ||    22
       Bread ration      |       |       |     3 ||     3
